 Dungeon Crawl Stone Soup version 0.29-a0-330-g52719c12eb (webtiles) character file.

Game seed: 14910881138693777056

557 kae the Firebug (level 6, -4/50 HPs)
             Began as a Demigod Fire Elementalist on Apr 22, 2022.
             Slain by Prince Ribbit (9 damage)
             ... on level 5 of the Dungeon.
             The game lasted 00:02:30 (5158 turns).

kae the Firebug (Demigod Fire Elementalist)         Turns: 5158, Time: 00:02:31

Health: -4/50      AC:  2    Str:  9    XL:     6   Next: 82%
Magic:  6/13       EV: 12    Int: 25    God:
Gold:   230        SH:  0    Dex: 14    Spells: 2/11 levels left

rFire   . . .      SeeInvis .   l - +0 flail (holy)
rCold   . . .      Faith    .   (no shield)
rNeg    . . .      Spirit   .   a - +0 robe
rPois   .          Reflect  .   (no helmet)
rElec   .          Harm     .   (no cloak)
rCorr   .          Rampage  .   (no gloves)
Will    .....                   (no boots)
Stlth   ++........              (no amulet)
HPRegen 0.16/turn               h - ring of wizardry
MPRegen 0.13/turn               (no ring)

@: no status effects
A: high MP 1, forlorn, divine attributes
a: no special abilities


You were on level 5 of the Dungeon.
You visited 1 branch of the dungeon, and saw 5 of its levels.

You collected 230 gold pieces.

Inventory:

Hand Weapons
 l - a +0 flail of holy wrath (weapon)
Armour
 a - a +0 robe (worn)
Jewellery
 h - a ring of wizardry (left hand)
Scrolls
 i - a scroll of magic mapping {unknown}
 j - 2 scrolls of teleportation
 k - a scroll of torment {unknown}
 m - a scroll of noise {unknown}
 n - a scroll of fog {unknown}
 q - a scroll of vulnerability {unknown}
 s - a scroll of fear {unknown}
Potions
 b - a potion of magic
 e - 2 potions of mutation
 f - a potion of attraction
 g - 3 potions of curing
 o - a potion of flight


   Skills:
 + Level 2.7 Fighting
 - Level 1.7 Dodging
 - Level 1.7 Stealth
 + Level 3.2 Spellcasting
 + Level 3.0 Conjurations
 * Level 5.1 Fire Magic


You had 2 spell levels left.
You knew the following spells:

 Your Spells              Type           Power      Damage    Failure   Level
a - Foxfire               Conj/Fire      96%        2x1d8     1%          1
b - Scorch                Fire           58%        2d8       1%          2
c - Conjure Flame         Conj/Fire      24%        6-21      2%          3
d - Inner Flame           Hex/Fire       16%        N/A       4%          3

Your spell library contained the following spells:

 Spells                   Type           Power      Damage    Failure   Level
 Magic Dart               Conj           76%        1d6       1%          1
 Searing Ray              Conj           38%        2d5       1%          2
 Shock                    Conj/Air       44%        1d5       2%          1
 Freeze                   Ice            16%        1d4       4%          1
 Flame Wave               Conj/Fire      24%        2d7       8%          4
 Frozen Ramparts          Ice            8%         1d2       12%         3
 Fulminant Prism          Conj/Hex       5%         3d7       21%         4
 Hailstorm                Conj/Ice       11%        3d5       21%         4
 Maxwell's Capacitive Co  Air            2%         ∞         100%        8


Dungeon Overview and Level Annotations

Branches:
Dungeon (5/15)
 Temple: D:4-7

Shops:
D:4 =

Annotations:
D:5 Prince Ribbit


Innate Abilities, Weirdness & Mutations

You have an increased reservoir of magic. (+10% MP)
You shall have no god before yourself.
Your divine heritage dramatically boosts your attributes as you level up.


Message History

Prince Ribbit barely misses you.
It was a potion of flight.
You feel very buoyant.
You fly up into the air.
Prince Ribbit hits you!
It was a potion of haste.
You feel yourself speed up. Prince Ribbit misses you.
It was a potion of brilliance.
You feel clever all of a sudden.
Prince Ribbit is no longer more vulnerable to fire.
Prince Ribbit hits you but does no damage.
It was a potion of cancellation.
Your magical effects are unravelling.
You feel magically purged.
You feel yourself slow down.
You float gracefully downwards.
You feel a little less clever now. Prince Ribbit hits you!
* * * LOW HITPOINT WARNING * * *
You feel much better. Prince Ribbit hits you! Prince Ribbit hits you.
* * * LOW HITPOINT WARNING * * *
You feel much better.
Prince Ribbit hops awkwardly around.
Prince Ribbit hits you.
Casting: Scorch (safe; 1% risk of failure)
Confirm with . or Enter, or press ? or * to list all spells.
Flames lash the iguana.
The iguana is heavily wounded.
The iguana's fire resistance burns away.
Prince Ribbit hits you. x2
Prince Ribbit hits you!
Casting: Scorch (safe; 1% risk of failure)
Confirm with . or Enter, or press ? or * to list all spells.
Flames lash Prince Ribbit.
Prince Ribbit is moderately wounded.
Prince Ribbit's fire resistance burns away.
Prince Ribbit hits you!
* * * LOW HITPOINT WARNING * * *
Prince Ribbit barely misses you.
Prince Ribbit says, "You're just another fly to me."
Prince Ribbit hits you!
You die...

### ..# #.# ..#
#.# #.# #.. #.#
#.# ### #.# #.#
#####.####.##
#lF@........#
###
#.###.####..#
#.. #.
#.####..######.#
..
#.........†.....
##l
#######.########
.. #.# #. #.# #.
#.# ..#


You could see Prince Ribbit (combustible) and an iguana (combustible).

Vanquished Creatures
  An ogre (D:4)
  A phantom (D:4)
  A scorpion (D:4)
  6 hounds
  Terence (D:3)
  4 adders
  2 white imps
  An ufetubus (D:4)
  A worm (D:4)
  3 dart slugs
  4 orcs
  3 ball pythons
  5 bats
  4 endoplasms
  5 giant cockroaches
  6 goblins
  4 hobgoblins
  4 jackals
  5 kobolds
  7 quokkas
  2 frilled lizards
  5 rats
75 creatures vanquished.

Vanquished Creatures (collateral kills)
  2 foxfires (D:1)
2 creatures vanquished.

Vanquished Creatures (others)
  276 foxfires
  34 plants (D:1)
310 creatures vanquished.

Grand Total: 387 creatures vanquished

Notes
Turn   | Place    | Note
-------+----------+-------------------------------------------
     0 | D:1      | kae the Demigod Fire Elementalist began the quest for the
                  | Orb.
     0 | D:1      | Reached XP level 1. HP: 14/14 MP: 5/5
    89 | D:1      | Reached skill level 1 in Conjurations
   479 | D:1      | Got the Catalogue of Arcane Weapons and Feathers
   509 | D:1      | Reached XP level 2. HP: 22/22 MP: 5/7
   545 | D:1      | Reached skill level 3 in Fire Magic
  1827 | D:2      | Reached skill level 1 in Fighting
  1827 | D:2      | Reached XP level 3. HP: 14/28 MP: 3/8
  2410 | D:2      | Learned a level 2 spell: Scorch
  2410 | D:2      | You fall into a shaft and drop 1 floor!
  3090 | D:3      | Reached XP level 4. HP: 35/35 MP: 6/10
  3209 | D:3      | Noticed Terence
  3221 | D:3      | Killed Terence
  3679 | D:4      | Noticed a phantom
  3690 | D:4      | Killed a phantom
  3691 | D:4      | Reached skill level 4 in Fire Magic
  3691 | D:4      | Reached XP level 5. HP: 35/41 MP: 3/11
  4035 | D:4      | Found Zohus's Jewellery Shoppe.
  4414 | D:4      | Reached XP level 6. HP: 45/49 MP: 4/13
  4903 | D:4      | Reached skill level 5 in Fire Magic
  5035 | D:5      | Entered Level 5 of the Dungeon
  5098 | D:5      | Learned a level 3 spell: Conjure Flame
  5102 | D:5      | Learned a level 3 spell: Inner Flame
  5145 | D:5      | Noticed Prince Ribbit
  5158 | D:5      | Slain by Prince Ribbit

Illustrated notes

Levels and vault maps discovered:
D:1:      doesnt_arrival_eight_statues, layout_loops_corners,
          serial_bayou_lagoon_a
D:2:      layout_rooms, hellmonk_ecumenical_altar_crossroads, chequers_avenue
D:3:      layout_basic, mainiacjoe_overflow_alcove_4, okawaru_gym_becter,
          minmay_misc_feat_more_columns, chequers_serial_rivers_small_b,
          uniq_terence
D:4:      layout_gridville, good_gods_temple_1, nicolae_overflow_crystal_walls,
          serial_shops, nicolae_take_the_stairs, kennysheep_generic_room_7
D:5:      layout_loops_ring, grunt_dithmenos_smoke,
          fedhas_bush_and_centaur_altar, hellmonk_ghost_happy_afterlife,
          hangedman_decor_growths, uniq_ijyb, uniq_sigmund, uniq_duvessa,
          uniq_prince_ribbit1, uniq_edmund, uniq_menkaure

Skill      XL: |  1  2  3  4  5  6 |
---------------+-------------------+-----
Conjurations   | 1 2 3 |  3.0
Fire Magic     | 3 4 5 |  5.1
Spellcasting   | 2 3 |  3.2
Fighting       | 1 2 |  2.7
Dodging        | |  1.7
Stealth        | |  1.7

Action                   |  1- 3 |  4- 6 || total
-------------------------+-------+-------++-------
Melee: Unarmed           |    17 |       ||    17
       Flail             |     2 |     2 ||     4
 Cast: Foxfire           |   115 |    48 ||   163
       Scorch            |       |    27 ||    27
  Use: Scroll            |     1 |     4 ||     5
       Potion            |       |     6 ||     6
Armor: Robe              |    11 |     3 ||    14
Dodge: Dodged            |    36 |    26 ||    62

Table legend: (Time is in decaauts)
 A = Elapsed time spent in this place.
 B = Non-inter-level travel time spent in this place.
 C = Inter-level travel time spent in this place.
 D = Time resting spent in this place.
 E = Time spent auto-exploring this place.
 F = Levels seen in this place.
 G = Mean time per level.
                   A        B        C        D        E       F      G
               +--------+--------+--------+--------+--------+-----+--------+
         Total |   5166 |   5028 |    138 |      4 |   4395 |   5 | 1033.2 |
       Dungeon |   5166 |   5028 |    138 |      4 |   4395 |   5 | 1033.2 |
               +--------+--------+--------+--------+--------+-----+--------+

Top non-repeatable levels by time:
     D:1: 1488 daAuts
     D:4: 1475 daAuts
     D:2: 1072 daAuts
     D:3: 1008 daAuts
     D:5: 122 daAuts
